 Dungeon Crawl Stone Soup version 0.27-a0-1105-g946c659c87 (webtiles) character file.

Game seed: 12393756952508348254

9 tsouns the Gusty (level 2, -1/17 HPs)
             Began as a Demonspawn Air Elementalist on Apr 30, 2021.
             Was a Follower of Hepliaklqana.
             Slain by a rat (2 damage)
             ... on level 1 of the Dungeon.
             The game lasted 00:01:37 (811 turns).

tsouns the Gusty (Demonspawn Air Elementalist)       Turns: 811, Time: 00:01:38

Health: -1/17      AC:  2    Str:  8    XL:     2   Next: 6%
Magic:  1/5        EV: 12    Int: 16    God:    Hepliaklqana [*.....]
Gold:   61         SH:  0    Dex: 13    Spells: 4/5 levels left

rFire    . . .     SeeInvis .   (no weapon)
rCold    . . .     Faith    .   (no shield)
rNeg     . . .     Spirit   .   a - +0 robe
rPois    .         Reflect  .   (no helmet)
rElec    .         Harm     .   (no cloak)
rCorr    .         Rampage  .   (no gloves)
Will     .....                  (no boots)
Stlth    ++........             (no amulet)
HPRegen  0.05/turn              (no ring)
MPRegen  0.09/turn              (no ring)

@: no status effects
A: reduced essence, hooves 1
a: Renounce Religion, Recall Ancestor, Ancestor Identity


You were on level 1 of the Dungeon.
You worshipped Hepliaklqana.
Hepliaklqana was aware of your devotion.
You visited 1 branch of the dungeon, and saw 1 of its levels.

You collected 61 gold pieces.

Inventory:

Armour
 a - a +0 robe (worn)
Jewellery
 b - a ring of fire
 c - an amulet of magic regeneration


   Skills:
 - Level 1.7 Dodging
 - Level 1.7 Stealth
 + Level 2.1 Spellcasting
 + Level 1.3 Conjurations
 * Level 3.0 Air Magic


You had 4 spell levels left.
You knew the following spells:

 Your Spells              Type           Power      Damage    Failure   Level
a - Shock                 Conj/Air       32%        1d5       9%          1

Your spell library contained the following spells:

 Spells                   Type           Power      Damage    Failure   Level
 Static Discharge         Conj/Air       8%         N/A       13%         2
 Swiftness                Air            11%        N/A       17%         3
 Airstrike                Air            5%         N/A       50%         4
 Lightning Bolt           Conj/Air       4%         1d15      93%         5


Dungeon Overview and Level Annotations

Branches:
Dungeon (1/15)

Altars:
Hepliaklqana


Innate Abilities, Weirdness & Mutations

Your life essence is reduced to manifest your ancestor. (-10% HP)
You have large cloven feet.


Message History

You closely miss the jackal. The jackal bites you.
You hit the jackal but do no damage. The jackal bites you.
You closely miss the jackal. The jackal bites you.
The jackal completely misses you.
You closely miss the jackal. The jackal barely misses you.
Casting: Shock (safe; 9% risk of failure)
Confirm with . or Enter, or press ? or * to list all spells.
Aiming: Shock (safe; 9% risk of failure)
Press: ? - help, Shift-Dir - straight line, f - jackal
Aim: a jackal (ally target, 60% to hit)
The zap hits the jackal.
The jackal is heavily wounded.
The zap misses the rat.
The jackal closely misses you. The jackal barely misses you.
You swap places.
The jackal barely misses Hrothgar.
Hrothgar hits the jackal.
The jackal bites Hrothgar.
Hrothgar barely misses the jackal.
The jackal closely misses Hrothgar.
The jackal bites Hrothgar.
Hrothgar is destroyed!
The jackal bites you. The jackal bites you.
* * * LOW HITPOINT WARNING * * *
Casting: Shock (safe; 9% risk of failure)
Confirm with . or Enter, or press ? or * to list all spells.
Aiming: Shock (safe; 9% risk of failure)
Press: ? - help, Shift-Dir - straight line, p - jackal The zap misses the jackal. x2; The jackal misses you.
You barely miss the jackal.
The jackal is heavily wounded.
The jackal misses you. The jackal bites you.
* * * LOW HITPOINT WARNING * * *
You hit the jackal but do no damage. Your kick misses the jackal.
The jackal is heavily wounded.
The jackal bites you.
* * * LOW HITPOINT WARNING * * *
You hit the jackal.
You kill the jackal!
You hit the rat but do no damage. Your kick misses the rat.
The rat barely misses you.
You hit the rat but do no damage. Your kick misses the rat. The rat bites you.
You die...

..>..#####..#.##.##.# #.##.####
.#.............#.##.# #.##.#
###.......รท......##.# #.##.#
####.#####.#...#.##.# ##..#.#
#Z##'##........#.##.###..)#.#
###...###......#.##.........#
....>.#Z##.###.#.##.####..#.#####
###...####.# #...r..#.#...#...._#
#^##+## #.# #..@##..#.#..#######
### #.###...##.####..# #
...............r.## #
#####...#.....##..#
#...#.#######.## #...#.# #..#
#...#.# ##.# #..>..# #r# ..#.#.#
#.#


You could see a rat.

Vanquished Creatures
  An endoplasm (D:1)
  2 hobgoblins (D:1)
  2 jackals (D:1)
  2 frilled lizards (D:1)
  A kobold (D:1)
  A rat (D:1)
9 creatures vanquished.

Vanquished Creatures (others)
  An ancestor (D:1)
1 creature vanquished.

Grand Total: 10 creatures vanquished

Notes
Turn   | Place    | Note
-------+----------+-------------------------------------------
     0 | D:1      | tsouns the Demonspawn Air Elementalist began the quest for
                  | the Orb.
     0 | D:1      | Reached XP level 1. HP: 13/13 MP: 3/3
     3 | D:1      | Noticed a formicid
     3 | D:1      | Noticed a vampire
    11 | D:1      | Noticed an octopode
    11 | D:1      | Noticed a spriggan
    13 | D:1      | Noticed an ogre
    16 | D:1      | Noticed a vine stalker
    20 | D:1      | Noticed a felid
   439 | D:1      | Found a faded altar of an unknown god.
   449 | D:1      | Became a worshipper of Hepliaklqana the Forgotten
   449 | D:1      | Reached * piety under Hepliaklqana
   785 | D:1      | Reached skill level 3 in Air Magic
   785 | D:1      | Gained mutation: You have large cloven feet. [demonic
                  | ancestry]
   785 | D:1      | Reached XP level 2. HP: 12/17 MP: 0/5
   811 | D:1      | Slain by a rat

Illustrated notes

Levels and vault maps discovered:
D:1:      shiori_arrival_whats_in_store_for_you, layout_loops_ring,
          hellmonk_ecumenical_altar_leap_of_faith, minmay_misc_feat_tiny,
          minmay_tall_x

Skill      XL: |  1 |
---------------+----+-----
Air Magic      | 3 |  3.0
Dodging        | |  1.7
Stealth        | |  1.7
Spellcasting   | |  2.1
Conjurations   | |  1.3

Action                   || total
-------------------------++-------
Melee: Unarmed           ||    31
 Cast: Shock             ||    21
Armor: Robe              ||     8
Dodge: Dodged            ||    17

Table legend: (Time is in decaauts)
 A = Elapsed time spent in this place.
 B = Non-inter-level travel time spent in this place.
 C = Inter-level travel time spent in this place.
 D = Time resting spent in this place.
 E = Time spent auto-exploring this place.
 F = Levels seen in this place.
 G = Mean time per level.
                   A        B        C        D        E       F      G
               +--------+--------+--------+--------+--------+-----+--------+
         Total |    811 |    811 |      0 |      0 |    700 |   1 |  811.0 |
       Dungeon |    811 |    811 |      0 |      0 |    700 |   1 |  811.0 |
               +--------+--------+--------+--------+--------+-----+--------+

Top non-repeatable levels by time:
     D:1: 811 daAuts
